 Dungeon Crawl Stone Soup version 0.31-a0-175-g9f7f995f2b (webtiles) character file.

Game seed: 3414066925415845454

26380 qw the Cleaver (level 13, 0/82 HPs)
             Began as a Gargoyle Fighter on June 17, 2023.
             Was an Elder of Okawaru.
             Slain by a death yak (15 damage)
             ... on level 4 of the Lair of Beasts.
             The game lasted 00:07:41 (14577 turns).

qw the Cleaver (Gargoyle Fighter)                  Turns: 14577, Time: 00:07:41

Health: 0/82       AC: 36    Str: 24    XL:     13   Next: 25%
Magic:  20/20      EV: 14    Int: 10    God:    Okawaru [****..]
Gold:   760        SH: 12    Dex:  9    Spells: 12/12 levels left

rFire   . . .        Y - +4 war axe
rCold   . . .        p - +0 kite shield
rNeg    + . .        x - +0 plate armour
rPois   inf          r - +1 helmet
rElec   +            g - +0 cloak
rCorr   .            w - +2 pair of gloves
SInv    +            s - +1 pair of boots
Will    .....        (no amulet) Stlth
                     f - +5 ring of evasion
HPRegen 0.33/turn    y - ring of see invisible
MPRegen 0.17/turn

%: no passive effects
@: about to teleport, heroic
A: sickness immunity, AC +9, negative energy resistance 1, electricity
resistance, torment resistance 1, petrification resistance
a: Renounce Religion, Heroism, Finesse


You were on level 4 of the Lair of Beasts.
You worshipped Okawaru.
Okawaru was greatly pleased with you.
You visited 3 branches of the dungeon, and saw 17 of its levels.
You also visited: Sewer.

You collected 760 gold pieces.


Innate Abilities, Weirdness & Mutations

You are immune to sickness and miasma.
Your stone body is resilient. (AC +9)
You are immune to poison.
You resist negative energy. (rN+)
You are resistant to electric shocks. (rElec)
You are resistant to unholy torment.
You are immune to petrification.


   Skills:
 - Level 10.1(15.1) Fighting
 - Level 12.1(17.1) Axes
 - Level 3.4(8.4) Throwing
 - Level 9.2(14.2) Armour
 - Level 2.0(7.0) Dodging
 + Level 10.7(15.7) Shields
 - Level 10.0 Invocations


You had 12 spell levels left.
You didn't know any spells.
Your spell library was empty.

Inventory:

Hand Weapons
 t - a +5 morningstar
 Y - a +4 war axe (weapon)
Missiles
 b - 5 boomerangs (quivered)
Armour
 g - a +0 cloak (worn)
 o - the +2 ring mail "Oqyfot" {*Slow rF+ rN+ SInv}
   (You found it on level 3 of the Dungeon)

   rF:        It protects you from fire.
   rN:        It protects you from negative energy.
   SInv:      It lets you see invisible.
   *Slow:     It may slow you when you take damage.
 p - a +0 kite shield (worn)
 r - a +1 helmet (worn)
 s - a +1 pair of boots (worn)
 w - a +2 pair of gloves (worn)
 x - a +0 plate armour (worn)
Jewellery
 e - a ring of ice
 f - a +5 ring of evasion (left hand)
 y - a ring of see invisible (right hand)
Wands
 v - a wand of digging (3)
Scrolls
 a - a scroll of identify
 h - a scroll of teleportation
Potions
 c - a potion of resistance {unknown}
 d - 4 potions of might
 i - 3 potions of attraction
 j - 3 potions of mutation
 k - 2 potions of lignification
 m - a potion of degeneration {unknown}
 n - a potion of curing
 q - 4 potions of haste
 u - a potion of enlightenment

Dungeon Overview and Level Annotations

Branches:
Dungeon (12/15)            Temple (1/1) D:5            Lair (4/5) D:10
 Shoals (0/4) Lair:3        Snake (0/4) Lair:3        Sewer (visited)
  Slime: Lair:4-5       Orc: D:9-12

Altars:
Ashenzari
Cheibriados
Dithmenos
Elyvilon
Fedhas
Gozag
Hepliaklqana
Kikubaaqudgha
Makhleb
Nemelex Xobeh
Okawaru
Qazlal
Ru
Sif Muna
Trog
Uskayaw
Vehumet
Wu Jian
Xom
Yredelemnul
Zin
The Shining One

Shops:
D:10 (

Portals:
Gauntlet: Lair:4


Message History

t - a +5 morningstar (weapon)
You block the five-headed hydra's attack.
The five-headed hydra misses you.
The five-headed hydra bites you but does no damage.
The five-headed hydra completely misses you.
The five-headed hydra bites you but does no damage.
14572 ||| SWAPPING to +4 war axe.
Y - a +4 war axe (weapon)
The death yak misses you. You block the death yak's attack.
14573 ||| SWAPPING to +5 morningstar.
t - a +5 morningstar (weapon)
You block the five-headed hydra's attack. x2
The five-headed hydra completely misses you.
The five-headed hydra barely misses you.
The five-headed hydra bites you.
14574 ||| SWAPPING to +4 war axe.
Y - a +4 war axe (weapon)
The death yak barely misses you. You block the death yak's attack.
14575 ||| SWAPPING to +5 morningstar.
t - a +5 morningstar (weapon)
The five-headed hydra bites you but does no damage.
The five-headed hydra bites you!
You block the five-headed hydra's attack.
The five-headed hydra closely misses you.
The five-headed hydra bites you but does no damage.
14576 ||| READING 2 scrolls of teleportation.
As you read the scroll of teleportation, it crumbles to dust.
You feel strangely unstable. The bullfrog barely misses you.
The death yak completely misses you. You block the death yak's attack.
The death yak gores you but does no damage.
The bullfrog hits you but does no damage.
The five-headed hydra closely misses you. x2
You block the five-headed hydra's attack. x2
The five-headed hydra bites you but does no damage.
14577 ||| SWAPPING to +4 war axe.
Y - a +4 war axe (weapon)
The death yak gores you but does no damage.
The death yak gores you!
You die...

..........#
##.........#
#.......?..##
##......(...#
#P.........#
##P........# .
#..........### ...
#......./..##.###.....
##....%%%....D@Yl.....
#...........FYY......
#..................P.
#....!...............
#...........##.#.....
#...........## ###....
P.........(.. ....
..... ...


You could see 3 death yaks, a five-headed hydra, a komodo dragon and a bullfrog.

Vanquished Creatures
  Fannar (Lair:3)
  A death yak (Lair:2)
  2 two-headed ogres
  Pikel (D:8)
  A deep elf pyromancer (D:12)
  2 manticores
  3 ugly things (D:12)
  4 elephants (Lair:4)
  A torpor snail (Lair:1)
  Joseph (D:8)
  An unseen horror (D:12)
  3 kobold demonologists (D:12)
  3 komodo dragons
  Psyche (D:8)
  4 cane toads
  A rime drake (Lair:1)
  2 trolls
  A wind drake (Lair:3)
  A polar bear (Lair:3)
  A wraith (D:12)
  A vampire (D:9)
  29 yaks
  6 wyverns
  3 steam dragons
  6 vampire mosquitoes
  4 basilisks
  5 nagas (Lair:3)
  11 water moccasins
  2 black bears
  An ice beast (D:7)
  3 ogres
  4 orc warriors
  10 wolves
  9 centaurs
  3 lemures (D:8)
  A phantom (D:5)
  3 kobold brigands
  Blork the orc (D:6)
  10 bullfrogs
  7 scorpions
  14 wights
  11 killer bees
  2 jellies
  4 howler monkeys
  5 hounds
  5 orc priests
  A sleepcap (D:5)
  5 iguanas
  6 orc wizards
  7 adders
  7 gnolls
  A river rat (Sewer)
  2 shadow imps (D:5)
  2 white imps
  3 ufetubi
  3 worms
  33 orcs
  7 endoplasms
  4 giant cockroaches
  5 goblins
  4 hobgoblins
  5 jackals
  15 kobolds
  4 quokkas
  5 ball pythons
  5 bats
  A frilled lizard (D:1)
  6 rats
326 creatures vanquished.

Vanquished Creatures (others)
  A centaur (D:7)
  A howler monkey (D:8)
2 creatures vanquished.

Grand Total: 328 creatures vanquished

Notes
Turn   | Place    | Note
-------+----------+-------------------------------------------
     0 | D:1      | qw the Gargoyle Fighter began the quest for the Orb.
     0 | D:1      | Reached XP level 1. HP: 14/14 MP: 1/1
     0 | D:1      | 0 ||| qw: Version: 0.3-a-2-g5ab2908
     0 | D:1      | 0 ||| qw: Game counter: 187
     0 | D:1      | 0 ||| qw: Always use a shield: true
     0 | D:1      | 0 ||| qw: God list: Okawaru
     0 | D:1      | 0 ||| qw: Allow faded altars: false
     0 | D:1      | 0 ||| qw: Do Orc after D:15 true
     0 | D:1      | 0 ||| qw: Do second Lair branch before Depths: true
     0 | D:1      | 0 ||| qw: Lair rune preference: random
     0 | D:1      | 0 ||| qw: Plans: Normal, Zot:1-4, Slime:5, God:TSO, Crypt,
                  | Tomb, Abyss, Pan, Hells, Win
     0 | D:1      | 0 ||| PLANNING D:1-11
   127 | D:1      | Reached skill level 2 in Axes
   318 | D:1      | 318 ||| DROPPING +0 whip.
   473 | D:1      | Reached XP level 2. HP: 19/19 MP: 2/2
   755 | D:1      | 755 ||| UPGRADING to +5 ring of evasion.
   756 | D:1      | 756 ||| READING scroll labelled GAMI TUPUUKECWOL.
   757 | D:1      | 757 ||| READING scroll labelled XOPLIL TUICSECK.
   758 | D:1      | 758 ||| READING scroll labelled JIEROUTE CUEL.
   759 | D:1      | 759 ||| READING scroll labelled KUZE WERODE.
   760 | D:1      | 760 ||| READING scroll labelled NOGUGUI RAWIHUOLL.
   765 | D:1      | 765 ||| READING 2 scrolls labelled LOCKIO NIUK.
   775 | D:1      | 775 ||| READING scroll labelled GIGAOTO ZOARCHE.
   776 | D:1      | 776 ||| READING scroll labelled DEOTWURATYF.
   777 | D:1      | 777 ||| DROPPING scroll of torment.
  1055 | D:2      | Reached skill level 3 in Axes
  1055 | D:2      | Reached XP level 3. HP: 21/23 MP: 3/3
  1209 | D:2      | Found a faded altar of an unknown god.
  1209 | D:2      | Noticed a Tzitzimitl
  1334 | D:2      | 1334 ||| Stepping ~*~*~tactically~*~*~ (hiding).
  1335 | D:2      | 1335 ||| Stepping ~*~*~tactically~*~*~ (hiding).
  1336 | D:2      | 1336 ||| Stepping ~*~*~tactically~*~*~ (hiding).
  1655 | D:2      | 1655 ||| READING scroll labelled YBOORPHYLEU.
  1867 | D:3      | Identified the +2 ring mail "Oqyfot" {*Slow rF+ rN+ SInv}
  1912 | D:3      | Reached XP level 4. HP: 28/28 MP: 4/4
  2036 | D:3      | 2036 ||| Stepping ~*~*~tactically~*~*~ (stealth).
  2038 | D:3      | 2038 ||| Stepping ~*~*~tactically~*~*~ (stealth).
  2039 | D:3      | 2039 ||| Stepping ~*~*~tactically~*~*~ (stealth).
  2040 | D:3      | 2040 ||| Stepping ~*~*~tactically~*~*~ (stealth).
  2049 | D:3      | Reached skill level 4 in Axes
  2215 | D:3      | 2215 ||| UPGRADING to +2 ring mail "Oqyfot" {*Slow rF+ rN+
                  | SInv}.
  2225 | D:3      | 2225 ||| UPGRADING to +0 kite shield.
  2235 | D:3      | 2235 ||| DROPPING +0 buckler.
  2236 | D:3      | 2236 ||| UPGRADING to +0 helmet.
  2241 | D:3      | 2241 ||| READING scroll labelled VEHAEGHENEO.
  2242 | D:3      | 2242 ||| READING scroll labelled WAXAL EXIHIBRI.
  2289 | D:4      | Reached XP level 5. HP: 22/32 MP: 5/5
  2405 | D:4      | 2405 ||| DROPPING +0 mace.
  2444 | D:4      | Identified the -1 pair of gloves of Unreason {rElec rN++}
  2456 | D:4      | 2456 ||| Stepping ~*~*~tactically~*~*~ (stealth).
  2477 | D:4      | 2477 ||| Stepping ~*~*~tactically~*~*~ (hiding).
  2664 | D:4      | Noticed a kobold brigand
  2682 | D:4      | Killed a kobold brigand
  2683 | D:4      | Reached XP level 6. HP: 34/37 MP: 6/6
  2827 | D:4      | 2827 ||| Stepping ~*~*~tactically~*~*~ (hiding).
  2829 | D:4      | 2829 ||| Stepping ~*~*~tactically~*~*~ (hiding).
  2883 | D:4      | 2883 ||| Stepping ~*~*~tactically~*~*~ (stealth).
  2914 | D:4      | Found a shimmering altar of Xom.
  3212 | D:4      | 3212 ||| UPGRADING to -1 pair of gloves of Unreason {rElec
                  | rN++}.
  3217 | D:4      | 3217 ||| READING 3 scrolls of identify.
  3217 | D:4      | 3217 ||| IDENTIFYING silvery potion
  3218 | D:4      | 3218 ||| READING 2 scrolls of identify.
  3218 | D:4      | 3218 ||| IDENTIFYING pink potion
  3219 | D:4      | 3219 ||| DROPPING potion of brilliance.
  3252 | D:4      | 3252 ||| Stepping ~*~*~tactically~*~*~ (hiding).
  3291 | D:5      | Entered Level 5 of the Dungeon
  3292 | D:5      | 3292 ||| PLANNING SEWER
  3359 | D:5      | 3359 ||| Stepping ~*~*~tactically~*~*~ (stealth).
  3440 | D:5      | Reached skill level 5 in Axes
  3489 | D:5      | 3489 ||| Stepping ~*~*~tactically~*~*~ (stealth).
  3504 | D:5      | 3504 ||| DROPPING +0 flail.
  3601 | D:5      | Found a glowing drain.
  3606 | D:5      | 3606 ||| DRINKING 2 glowing black potions.
  3615 | Sewer    | Entered a sewer
  3637 | Sewer    | Reached skill level 1 in Dodging
  3730 | Sewer    | 3730 ||| Stepping ~*~*~tactically~*~*~ (stealth).
  3858 | Sewer    | 3858 ||| READING scroll of enchant armour.
  3858 | Sewer    | 3858 ||| ENCHANTING +0 helmet.
  3944 | Sewer    | 3944 ||| READING scroll labelled WUDATI OVICETA.
  3945 | Sewer    | 3945 ||| READING 3 scrolls of identify.
  3945 | Sewer    | 3945 ||| IDENTIFYING glowing sapphire potion
  3946 | Sewer    | 3946 ||| READING 2 scrolls of identify.
  3946 | Sewer    | 3946 ||| IDENTIFYING viscous purple potion
  3957 | D:5      | 3957 ||| PLANNING D:1-11
  3987 | D:5      | Reached XP level 7. HP: 43/43 MP: 7/7
  4061 | D:5      | Found a staircase to the Ecumenical Temple.
  4062 | D:5      | 4062 ||| PLANNING TEMPLE
  4070 | Temple   | Entered the Ecumenical Temple
  4088 | Temple   | 4088 ||| PLANNING OKAWARU WORSHIP
  4254 | Temple   | Became a worshipper of Warmaster Okawaru
  4255 | Temple   | 4255 ||| PLANNING D:1-11
  4364 | D:5      | Reached skill level 6 in Axes
  4370 | D:5      | Reached * piety under Okawaru
  4371 | D:5      | Reached skill level 6 in Shields
  4371 | D:5      | Reached XP level 8. HP: 23/48 MP: 8/8
  4371 | D:5      | 4371 ||| INVOKING Heroism.
  4434 | D:5      | 4434 ||| FLEEEEING.
  4435 | D:5      | 4435 ||| FLEEEEING.
  4436 | D:5      | 4436 ||| FLEEEEING.
  4437 | D:5      | 4437 ||| FLEEEEING.
  4438 | D:5      | 4438 ||| FLEEEEING.
  4439 | D:5      | 4439 ||| FLEEEEING.
  4440 | D:5      | 4440 ||| FLEEEEING.
  4441 | D:5      | 4441 ||| FLEEEEING.
  4442 | D:5      | 4442 ||| FLEEEEING.
  4443 | D:5      | 4443 ||| FLEEEEING.
  4445 | D:5      | 4445 ||| FLEEEEING.
  4446 | D:5      | 4446 ||| FLEEEEING.
  4447 | D:5      | 4447 ||| FLEEEEING.
  4448 | D:5      | 4448 ||| FLEEEEING.
  4449 | D:5      | 4449 ||| FLEEEEING.
  4450 | D:5      | 4450 ||| FLEEEEING.
  4451 | D:5      | 4451 ||| FLEEEEING.
  4452 | D:5      | 4452 ||| FLEEEEING.
  4453 | D:5      | 4453 ||| FLEEEEING.
  4454 | D:5      | 4454 ||| FLEEEEING.
  4455 | D:5      | 4455 ||| FLEEEEING.
  4554 | D:5      | Reached skill level 1 in Invocations
  4842 | D:5      | 4842 ||| READING 2 scrolls of identify.
  4842 | D:5      | 4842 ||| IDENTIFYING fuming emerald potion
  5421 | D:6      | Noticed Blork the orc
  5422 | D:6      | 5422 ||| Stepping ~*~*~tactically~*~*~ (hiding).
  5425 | D:6      | 5425 ||| Stepping ~*~*~tactically~*~*~ (hiding).
  5426 | D:6      | 5426 ||| INVOKING Heroism.
  5436 | D:6      | Killed Blork the orc
  5437 | D:6      | Reached skill level 1 in Throwing
  5678 | D:6      | 5678 ||| READING scroll labelled SIQIUX BORAT.
  5679 | D:6      | 5679 ||| DRINKING 2 glowing emerald potions.
  5680 | D:6      | 5680 ||| DRINKING 2 potions of curing.
  5680 | D:6      | 5680 ||| (to cure confusion)
  5681 | D:6      | 5681 ||| DROPPING potion of ambrosia.
  5731 | D:7      | Reached skill level 7 in Axes
  5740 | D:7      | Reached skill level 3 in Invocations
  5747 | D:7      | 5747 ||| INVOKING Heroism.
  5748 | D:7      | 5748 ||| INVOKING Heroism.
  5776 | D:7      | 5776 ||| FLEEEEING.
  5777 | D:7      | 5777 ||| FLEEEEING.
  5794 | D:7      | 5794 ||| DROPPING +0 morningstar.
  5822 | D:7      | Reached XP level 9. HP: 54/54 MP: 12/12
  5833 | D:7      | 5833 ||| INVOKING Heroism.
  5839 | D:7      | 5839 ||| DRINKING potion of curing.
  5839 | D:7      | 5839 ||| (to cure confusion)
  5846 | D:7      | 5846 ||| INVOKING Heroism.
  5860 | D:7      | 5860 ||| Stepping ~*~*~tactically~*~*~ (stealth).
  5887 | D:7      | Reached skill level 8 in Axes
  5919 | D:7      | 5919 ||| Stepping ~*~*~tactically~*~*~ (stealth).
  5928 | D:7      | 5928 ||| READING scroll of enchant weapon.
  5928 | D:7      | 5928 ||| ENCHANTING +1 war axe.
  5950 | D:7      | 5950 ||| Stepping ~*~*~tactically~*~*~ (stealth).
  6004 | D:7      | 6004 ||| Stepping ~*~*~tactically~*~*~ (hiding).
  6026 | D:7      | Reached skill level 6 in Fighting
  6027 | D:7      | Reached ** piety under Okawaru
  6093 | D:7      | 6093 ||| INVOKING Heroism.
  6207 | D:7      | 6207 ||| DROPPING +0 heavy morningstar.
  6240 | D:7      | 6240 ||| Stepping ~*~*~tactically~*~*~ (hiding).
  6241 | D:7      | 6241 ||| Stepping ~*~*~tactically~*~*~ (hiding).
  6244 | D:7      | 6244 ||| Stepping ~*~*~tactically~*~*~ (hiding).
  6245 | D:7      | 6245 ||| Stepping ~*~*~tactically~*~*~ (hiding).
  6252 | D:7      | 6252 ||| INVOKING Heroism.
  6367 | D:7      | 6367 ||| INVOKING Heroism.
  6460 | D:7      | 6460 ||| INVOKING Heroism.
  6490 | D:7      | 6490 ||| INVOKING Heroism.
  6557 | D:7      | Found an opulent altar of Gozag.
  6927 | D:7      | 6927 ||| DROPPING +0 scale mail.
  6928 | D:7      | 6928 ||| UPGRADING to +0 pair of boots.
  6933 | D:7      | 6933 ||| UPGRADING to +1 pair of gloves.
  6943 | D:7      | 6943 ||| DROPPING -1 pair of gloves of Unreason {rElec
                  | rN++}.
  7078 | D:8      | Found a bloodstained altar of Trog.
  7104 | D:8      | Noticed Joseph
  7105 | D:8      | 7105 ||| Stepping ~*~*~tactically~*~*~ (hiding).
  7123 | D:8      | 7123 ||| INVOKING Heroism.
  7128 | D:8      | Killed Joseph
  7129 | D:8      | Reached skill level 9 in Axes
  7129 | D:8      | Reached XP level 10. HP: 34/60 MP: 10/13
  7231 | D:8      | 7231 ||| INVOKING Heroism.
  7366 | D:8      | Noticed a two-headed ogre
  7367 | D:8      | 7367 ||| INVOKING Heroism.
  7371 | D:8      | Killed a two-headed ogre
  7372 | D:8      | Reached skill level 9 in Shields
  7404 | D:8      | 7404 ||| READING scroll of enchant weapon.
  7404 | D:8      | 7404 ||| ENCHANTING +2 war axe.
  7433 | D:8      | Noticed Psyche
  7434 | D:8      | 7434 ||| INVOKING Heroism.
  7443 | D:8      | Killed Psyche
  7457 | D:8      | Reached skill level 10 in Axes
  7599 | D:8      | 7599 ||| Stepping ~*~*~tactically~*~*~ (hiding).
  7601 | D:8      | 7601 ||| Stepping ~*~*~tactically~*~*~ (hiding).
  7926 | D:8      | Reached *** piety under Okawaru
  8000 | D:8      | 8000 ||| READING scroll labelled VAISSIS RUAG.
  8001 | D:8      | 8001 ||| READING 2 scrolls of identify.
  8001 | D:8      | 8001 ||| IDENTIFYING viscous sapphire potion
  8002 | D:8      | 8002 ||| DROPPING potion of invisibility.
  8424 | D:8      | Noticed Pikel
  8426 | D:8      | 8426 ||| Stepping ~*~*~tactically~*~*~ (stealth).
  8428 | D:8      | 8428 ||| Stepping ~*~*~tactically~*~*~ (stealth).
  8439 | D:8      | Killed Pikel
  8663 | D:8      | 8663 ||| UPGRADING to +0 cloak.
  8721 | D:9      | Found a flagged portal.
  8798 | D:9      | 8798 ||| Stepping ~*~*~tactically~*~*~ (stealth).
  8799 | D:9      | 8799 ||| Stepping ~*~*~tactically~*~*~ (stealth).
  8808 | D:9      | 8808 ||| INVOKING Heroism.
  8963 | D:9      | Reached skill level 3 in Throwing
  8963 | D:9      | Reached XP level 11. HP: 67/68 MP: 14/14
  8984 | D:9      | You fall into a shaft and drop 3 floors!
  8993 | D:12     | Noticed a brown ugly thing
  9009 | D:12     | Killed a brown ugly thing
  9020 | D:12     | 9020 ||| Stepping ~*~*~tactically~*~*~ (hiding).
  9032 | D:12     | 9032 ||| Stepping ~*~*~tactically~*~*~ (stealth).
  9034 | D:12     | 9034 ||| Stepping ~*~*~tactically~*~*~ (stealth).
  9036 | D:12     | 9036 ||| Stepping ~*~*~tactically~*~*~ (hiding).
  9038 | D:12     | Noticed a brown ugly thing
  9056 | D:12     | 9056 ||| INVOKING Heroism.
  9067 | D:12     | Killed a brown ugly thing
  9067 | D:12     | Reached **** piety under Okawaru
  9068 | D:12     | Reached skill level 11 in Axes
  9184 | D:12     | Noticed a red ugly thing
  9187 | D:12     | 9187 ||| Stepping ~*~*~tactically~*~*~ (stealth).
  9190 | D:12     | 9190 ||| INVOKING Heroism.
  9206 | D:12     | Killed a red ugly thing
  9434 | D:12     | Noticed a soul eater
  9437 | D:12     | Noticed a deep elf pyromancer
  9438 | D:12     | Noticed a sun demon
  9440 | D:12     | Noticed a manticore
  9441 | D:12     | 9441 ||| INVOKING Heroism.
  9453 | D:12     | Noticed a sun demon
  9470 | D:12     | Received a gift from Okawaru
  9475 | D:12     | HP: 12/68 [manticore (9)]
  9476 | D:12     | 9476 ||| READING 4 scrolls of teleportation.
  9477 | D:12     | 9477 ||| DRINKING 2 potions of heal wounds.
  9479 | D:12     | Killed a manticore
  9628 | D:12     | 9628 ||| UPGRADING to +1 pair of boots.
  9638 | D:12     | 9638 ||| DROPPING +0 pair of boots.
  9639 | D:12     | 9639 ||| READING 2 scrolls of identify.
  9639 | D:12     | 9639 ||| IDENTIFYING fizzy brown potion
  9650 | D:12     | 9650 ||| Stepping ~*~*~tactically~*~*~ (hiding).
  9651 | D:12     | 9651 ||| Stepping ~*~*~tactically~*~*~ (hiding).
  9654 | D:12     | 9654 ||| Stepping ~*~*~tactically~*~*~ (hiding).
  9655 | D:12     | 9655 ||| Stepping ~*~*~tactically~*~*~ (hiding).
  9670 | D:12     | Killed a deep elf pyromancer
  9804 | D:11     | Reached skill level 6 in Invocations
  9887 | D:11     | 9887 ||| INVOKING Heroism.
  9890 | D:11     | 9890 ||| Stepping ~*~*~tactically~*~*~ (stealth).
  9896 | D:11     | Reached skill level 9 in Fighting
  9971 | D:10     | Entered Level 10 of the Dungeon
 10032 | D:10     | 10032 ||| INVOKING Heroism.
 10120 | D:10     | Reached XP level 12. HP: 67/76 MP: 17/17
 10126 | D:10     | Reached ***** piety under Okawaru
 10164 | D:10     | Found a staircase to the Lair.
 10225 | D:10     | 10225 ||| READING scroll of enchant armour.
 10225 | D:10     | 10225 ||| ENCHANTING +1 pair of gloves.
 10227 | D:10     | Noticed a two-headed ogre
 10235 | D:10     | Killed a two-headed ogre
 10235 | D:10     | Received a gift from Okawaru
 10259 | D:10     | Found Xacuulego's Antique Weapon Shoppe.
 10300 | D:10     | 10300 ||| DROPPING +1 pair of boots.
 10307 | D:10     | 10307 ||| Stepping ~*~*~tactically~*~*~ (stealth).
 10383 | D:9      | 10383 ||| DRINKING potion of curing.
 10383 | D:9      | 10383 ||| (to cure confusion)
 10396 | D:9      | 10396 ||| INVOKING Heroism.
 10692 | D:9      | 10692 ||| Stepping ~*~*~tactically~*~*~ (stealth).
 10694 | D:9      | 10694 ||| Stepping ~*~*~tactically~*~*~ (stealth).
 10698 | D:9      | 10698 ||| Stepping ~*~*~tactically~*~*~ (hiding).
 10749 | D:9      | 10749 ||| Stepping ~*~*~tactically~*~*~ (hiding).
 10894 | D:9      | 10894 ||| PLANNING LAIR
 10894 | D:9      | 10894 ||| DROPPING +0 chain mail.
 10895 | D:9      | 10895 ||| UPGRADING to +0 plate armour.
 10905 | D:9      | 10905 ||| UPGRADING to ring of see invisible.
 10998 | D:10     | 10998 ||| Stepping ~*~*~tactically~*~*~ (stealth).
 11001 | D:10     | 11001 ||| Stepping ~*~*~tactically~*~*~ (stealth).
 11022 | D:10     | Received a gift from Okawaru
 11027 | Lair:1   | Entered Level 1 of the Lair of Beasts
 11088 | Lair:1   | 11088 ||| Stepping ~*~*~tactically~*~*~ (stealth).
 11107 | Lair:1   | Reached skill level 6 in Armour
 11200 | Lair:1   | 11200 ||| Stepping ~*~*~tactically~*~*~ (stealth).
 11429 | Lair:1   | 11429 ||| INVOKING Heroism.
 11846 | Lair:1   | 11846 ||| DROPPING amulet of magic regeneration.
 11861 | Lair:2   | Reached skill level 9 in Invocations
 11863 | Lair:2   | 11863 ||| STAIRDANCE
 12109 | Lair:2   | 12109 ||| FLEEEEING.
 12111 | Lair:2   | 12111 ||| Stepping ~*~*~tactically~*~*~ (hiding).
 12112 | Lair:2   | 12112 ||| FLEEEEING.
 12113 | Lair:2   | 12113 ||| FLEEEEING.
 12114 | Lair:2   | 12114 ||| FLEEEEING.
 12115 | Lair:2   | 12115 ||| FLEEEEING.
 12116 | Lair:2   | 12116 ||| FLEEEEING.
 12117 | Lair:2   | 12117 ||| FLEEEEING.
 12118 | Lair:2   | 12118 ||| FLEEEEING.
 12119 | Lair:2   | 12119 ||| FLEEEEING.
 12120 | Lair:2   | 12120 ||| STAIRDANCE
 12224 | Lair:2   | 12224 ||| STAIRDANCE
 12226 | Lair:1   | 12226 ||| INVOKING Heroism.
 12282 | Lair:2   | 12282 ||| STAIRDANCE
 12304 | Lair:2   | Noticed a death yak
 12305 | Lair:2   | 12305 ||| STAIRDANCE
 12307 | Lair:1   | 12307 ||| INVOKING Heroism.
 12388 | Lair:2   | 12388 ||| INVOKING Heroism.
 12389 | Lair:2   | 12389 ||| INVOKING Finesse.
 12404 | Lair:2   | Killed a death yak
 12443 | Lair:2   | 12443 ||| Stepping ~*~*~tactically~*~*~ (stealth).
 12444 | Lair:2   | 12444 ||| Stepping ~*~*~tactically~*~*~ (stealth).
 12659 | Lair:2   | 12659 ||| INVOKING Heroism.
 12660 | Lair:2   | 12660 ||| Stepping ~*~*~tactically~*~*~ (cloud).
 12663 | Lair:2   | 12663 ||| Stepping ~*~*~tactically~*~*~ (hiding).
 12995 | Lair:3   | 12995 ||| FLEEEEING.
 12996 | Lair:3   | 12996 ||| FLEEEEING.
 12997 | Lair:3   | 12997 ||| STAIRDANCE
 13119 | Lair:3   | 13119 ||| INVOKING Heroism.
 13129 | Lair:3   | Noticed Fannar
 13144 | Lair:3   | Reached skill level 9 in Armour
 13154 | Lair:3   | Killed Fannar
 13155 | Lair:3   | Reached skill level 12 in Axes
 13155 | Lair:3   | Reached XP level 13. HP: 32/80 MP: 20/20
 13179 | Lair:3   | 13179 ||| FLEEEEING.
 13180 | Lair:3   | 13180 ||| STAIRDANCE
 13328 | Lair:3   | 13328 ||| Stepping ~*~*~tactically~*~*~ (hiding).
 13347 | Lair:3   | Received a gift from Okawaru
 13363 | Lair:3   | Found a staircase to the Snake Pit.
 13731 | Lair:3   | 13731 ||| READING scroll of enchant weapon.
 13731 | Lair:3   | 13731 ||| ENCHANTING +3 war axe.
 13915 | Lair:3   | 13915 ||| Stepping ~*~*~tactically~*~*~ (stealth).
 13917 | Lair:3   | 13917 ||| Stepping ~*~*~tactically~*~*~ (stealth).
 13918 | Lair:3   | 13918 ||| Stepping ~*~*~tactically~*~*~ (stealth).
 13920 | Lair:3   | 13920 ||| INVOKING Heroism.
 13969 | Lair:3   | 13969 ||| Stepping ~*~*~tactically~*~*~ (stealth).
 14011 | Lair:3   | Found a staircase to the Shoals.
 14257 | Lair:3   | 14257 ||| READING scroll labelled EBIUGH WEBUXT.
 14371 | Lair:4   | Found a gate leading to a gauntlet.
 14372 | Lair:4   | 14372 ||| PLANNING GAUNTLET
 14379 | Lair:4   | 14379 ||| INVOKING Heroism.
 14380 | Lair:4   | 14380 ||| INVOKING Finesse.
 14388 | Lair:4   | 14388 ||| SWAPPING to +5 morningstar.
 14389 | Lair:4   | 14389 ||| SWAPPING to +4 war axe.
 14390 | Lair:4   | 14390 ||| SWAPPING to +5 morningstar.
 14391 | Lair:4   | 14391 ||| SWAPPING to +4 war axe.
 14392 | Lair:4   | 14392 ||| SWAPPING to +5 morningstar.
 14393 | Lair:4   | 14393 ||| SWAPPING to +4 war axe.
 14394 | Lair:4   | 14394 ||| SWAPPING to +5 morningstar.
 14395 | Lair:4   | 14395 ||| SWAPPING to +4 war axe.
 14396 | Lair:4   | 14396 ||| SWAPPING to +5 morningstar.
 14397 | Lair:4   | 14397 ||| SWAPPING to +4 war axe.
 14398 | Lair:4   | 14398 ||| SWAPPING to +5 morningstar.
 14399 | Lair:4   | 14399 ||| SWAPPING to +4 war axe.
 14400 | Lair:4   | 14400 ||| SWAPPING to +5 morningstar.
 14401 | Lair:4   | 14401 ||| SWAPPING to +4 war axe.
 14402 | Lair:4   | 14402 ||| SWAPPING to +5 morningstar.
 14403 | Lair:4   | 14403 ||| SWAPPING to +4 war axe.
 14404 | Lair:4   | 14404 ||| SWAPPING to +5 morningstar.
 14405 | Lair:4   | 14405 ||| SWAPPING to +4 war axe.
 14406 | Lair:4   | 14406 ||| SWAPPING to +5 morningstar.
 14407 | Lair:4   | 14407 ||| SWAPPING to +4 war axe.
 14408 | Lair:4   | 14408 ||| SWAPPING to +5 morningstar.
 14408 | Lair:4   | HP: 17/81 [yak (7)]
 14409 | Lair:4   | 14409 ||| READING 4 scrolls of teleportation.
 14410 | Lair:4   | 14410 ||| DRINKING 2 potions of heal wounds.
 14411 | Lair:4   | 14411 ||| SWAPPING to +4 war axe.
 14412 | Lair:4   | 14412 ||| SWAPPING to +5 morningstar.
 14413 | Lair:4   | 14413 ||| SWAPPING to +4 war axe.
 14414 | Lair:4   | 14414 ||| SWAPPING to +5 morningstar.
 14415 | Lair:4   | 14415 ||| SWAPPING to +4 war axe.
 14416 | Lair:4   | 14416 ||| SWAPPING to +5 morningstar.
 14417 | Lair:4   | 14417 ||| SWAPPING to +4 war axe.
 14441 | Lair:4   | 14441 ||| INVOKING Heroism.
 14512 | Lair:4   | 14512 ||| INVOKING Heroism.
 14517 | Lair:4   | 14517 ||| SWAPPING to +5 morningstar.
 14518 | Lair:4   | 14518 ||| SWAPPING to +4 war axe.
 14519 | Lair:4   | 14519 ||| SWAPPING to +5 morningstar.
 14520 | Lair:4   | 14520 ||| SWAPPING to +4 war axe.
 14521 | Lair:4   | 14521 ||| SWAPPING to +5 morningstar.
 14522 | Lair:4   | 14522 ||| SWAPPING to +4 war axe.
 14523 | Lair:4   | 14523 ||| SWAPPING to +5 morningstar.
 14524 | Lair:4   | 14524 ||| SWAPPING to +4 war axe.
 14525 | Lair:4   | 14525 ||| SWAPPING to +5 morningstar.
 14526 | Lair:4   | 14526 ||| SWAPPING to +4 war axe.
 14527 | Lair:4   | 14527 ||| SWAPPING to +5 morningstar.
 14528 | Lair:4   | 14528 ||| SWAPPING to +4 war axe.
 14529 | Lair:4   | 14529 ||| SWAPPING to +5 morningstar.
 14530 | Lair:4   | 14530 ||| SWAPPING to +4 war axe.
 14531 | Lair:4   | 14531 ||| SWAPPING to +5 morningstar.
 14532 | Lair:4   | 14532 ||| SWAPPING to +4 war axe.
 14533 | Lair:4   | 14533 ||| SWAPPING to +5 morningstar.
 14534 | Lair:4   | 14534 ||| SWAPPING to +4 war axe.
 14535 | Lair:4   | 14535 ||| SWAPPING to +5 morningstar.
 14536 | Lair:4   | 14536 ||| SWAPPING to +4 war axe.
 14537 | Lair:4   | 14537 ||| SWAPPING to +5 morningstar.
 14538 | Lair:4   | 14538 ||| SWAPPING to +4 war axe.
 14539 | Lair:4   | 14539 ||| SWAPPING to +5 morningstar.
 14540 | Lair:4   | 14540 ||| SWAPPING to +4 war axe.
 14541 | Lair:4   | 14541 ||| SWAPPING to +5 morningstar.
 14542 | Lair:4   | 14542 ||| SWAPPING to +4 war axe.
 14543 | Lair:4   | 14543 ||| SWAPPING to +5 morningstar.
 14544 | Lair:4   | 14544 ||| SWAPPING to +4 war axe.
 14545 | Lair:4   | 14545 ||| SWAPPING to +5 morningstar.
 14546 | Lair:4   | 14546 ||| SWAPPING to +4 war axe.
 14546 | Lair:4   | HP: 16/82 [five-headed hydra (8)]
 14547 | Lair:4   | 14547 ||| READING 3 scrolls of teleportation.
 14548 | Lair:4   | 14548 ||| DRINKING potion of heal wounds.
 14549 | Lair:4   | 14549 ||| SWAPPING to +5 morningstar.
 14550 | Lair:4   | 14550 ||| SWAPPING to +4 war axe.
 14551 | Lair:4   | 14551 ||| SWAPPING to +5 morningstar.
 14552 | Lair:4   | 14552 ||| SWAPPING to +4 war axe.
 14557 | Lair:4   | 14557 ||| SWAPPING to +5 morningstar.
 14558 | Lair:4   | 14558 ||| SWAPPING to +4 war axe.
 14559 | Lair:4   | 14559 ||| SWAPPING to +5 morningstar.
 14560 | Lair:4   | 14560 ||| SWAPPING to +4 war axe.
 14561 | Lair:4   | 14561 ||| SWAPPING to +5 morningstar.
 14562 | Lair:4   | 14562 ||| SWAPPING to +4 war axe.
 14563 | Lair:4   | 14563 ||| SWAPPING to +5 morningstar.
 14564 | Lair:4   | 14564 ||| SWAPPING to +4 war axe.
 14565 | Lair:4   | 14565 ||| SWAPPING to +5 morningstar.
 14566 | Lair:4   | 14566 ||| SWAPPING to +4 war axe.
 14567 | Lair:4   | 14567 ||| SWAPPING to +5 morningstar.
 14568 | Lair:4   | 14568 ||| SWAPPING to +4 war axe.
 14569 | Lair:4   | 14569 ||| SWAPPING to +5 morningstar.
 14570 | Lair:4   | 14570 ||| SWAPPING to +4 war axe.
 14571 | Lair:4   | 14571 ||| SWAPPING to +5 morningstar.
 14572 | Lair:4   | 14572 ||| SWAPPING to +4 war axe.
 14573 | Lair:4   | 14573 ||| SWAPPING to +5 morningstar.
 14574 | Lair:4   | 14574 ||| SWAPPING to +4 war axe.
 14575 | Lair:4   | 14575 ||| SWAPPING to +5 morningstar.
 14575 | Lair:4   | HP: 15/82 [five-headed hydra (7)]
 14576 | Lair:4   | 14576 ||| READING 2 scrolls of teleportation.
 14577 | Lair:4   | 14577 ||| SWAPPING to +4 war axe.
 14577 | Lair:4   | Slain by a death yak

Levels and vault maps discovered:
D:1:      amcnicky_arrival_choice, layout_basic
D:2:      layout_loops_corners, dreamdust_ecumenical_altar_sealed_demon
D:3:      layout_basic
D:4:      nicolae_BIG_FREAKIN_CUBE, layout_gridville,
          lemuel_coloured_pillars_altar
D:5:      minmay_clustersquares, layout_loops_cross, minmay_temple_entry_waves,
          gup_sewer_entry_pipe
D:6:      layout_basic, uniq_blork_the_orc
D:7:      layout_gridville, lemuel_tele_altar, minmay_fractal_squares_diagonal_5
D:8:      layout_basic, mainiacjoe_overflow_cross_hatched,
          nicolae_kite_square_tiling_tiny, mrwooster_statue_mirror, uniq_joseph,
          uniq_psyche, uniq_pikel
D:9:      layout_grid_maze, enter_bailey_6
D:10:     layout_roguey, minmay_lair_entry_grove, serial_shops, shop
D:11:     layout_loops_corners, uniq_erica
D:12:     layout_rooms
Temple:   nicolae_temple_bog_church
Lair:1:   layout_regular_city, chequers_serial_rivers_marsh
Lair:2:   layout_chaotic_city, lemuel_fruit_tree, infiniplex_staircase_pool_2
Lair:3:   layout_cave_pods, minmay_shoals_entry_beasts,
          minmay_snake_entry_guardpost_medium, uniq_fannar
Lair:4:   layout_small_grid, gauntlet_entry_generic, beast_lair_carwin_2

Skill      XL: |  1  2  3  4  5  6  7  8  9 10 11 12 13 |
---------------+----------------------------------------+-----
Axes           | 2 3 4 5 6 7 9 10 11 12 | 12.1
Shields        | 5 6 7 8 9 10 | 10.7
Dodging        | 1 2 |  2.0
Fighting       | 4 5 6 8 9 10 | 10.1
Invocations    | 4 6 10 | 10.0
Throwing       | 1 2 3 |  3.4
Armour         | 4 5 9 |  9.2

Action                     |  1- 3 |  4- 6 |  7- 9 | 10-12 | 13-15 || total
---------------------------+-------+-------+-------+-------+-------++-------
  Melee: War axe           |    61 |   139 |   261 |   680 |    93 ||  1234
  Throw: Boomerang         |    49 |    15 |    10 |    74 |    27 ||   175
         Javelin           |       |       |    31 |    35 |     6 ||    72
 Invoke: Heroism           |       |       |    11 |    16 |     4 ||    31
         Finesse           |       |       |       |     1 |     1 ||     2
    Use: Scroll            |     9 |     8 |     3 |     6 |     5 ||    31
         Potion            |       |     1 |     3 |     2 |     2 ||     8
 Armour: Scale mail        |    47 |     2 |       |       |       ||    49
         Ring mail         |       |    33 |    87 |   185 |       ||   305
         Plate armour      |       |       |       |   126 |   164 ||   290
  Dodge: Dodged            |    43 |    90 |   162 |   401 |   159 ||   855
  Block: Buckler           |     8 |     2 |       |       |       ||    10
         Kite shield       |       |    45 |   100 |   443 |   134 ||   722

Table legend:
 A = Non-vault XP
 B = Vault XP
 C = Vault XP percentage of total XP
 D = Non-vault monster count
 E = Vault monster count
 F = Vault count percentage of total count
                 A         B        C        D         E       F
            +---------+---------+-------+---------+---------+-------
      Total |   29958 |    7729 |  20.5 |     260 |      65 |  20.0
            +---------+---------+-------+---------+---------+-------
        D:1 |      21 |       0 |   0.0 |      13 |       0 |   0.0
        D:2 |      37 |       0 |   0.0 |       8 |       0 |   0.0
        D:3 |      62 |       0 |   0.0 |      13 |       0 |   0.0
        D:4 |     297 |       0 |   0.0 |      18 |       0 |   0.0
        D:5 |     478 |     525 |  52.3 |      13 |      15 |  53.6
        D:6 |     168 |      94 |  35.9 |       3 |       1 |  25.0
        D:7 |    1661 |     839 |  33.6 |      32 |      12 |  27.3
        D:8 |    2796 |    1519 |  35.2 |      31 |       3 |   8.8
        D:9 |    2003 |       0 |   0.0 |      24 |       0 |   0.0
       D:10 |    2523 |    2191 |  46.5 |      16 |      13 |  44.8
       D:11 |     960 |       0 |   0.0 |       9 |       0 |   0.0
       D:12 |    6061 |       0 |   0.0 |      22 |       0 |   0.0
     Lair:1 |    4458 |       0 |   0.0 |      24 |       0 |   0.0
     Lair:2 |    2804 |       0 |   0.0 |      11 |       0 |   0.0
     Lair:3 |    3329 |    2491 |  42.8 |      17 |       8 |  32.0
     Lair:4 |    2300 |       0 |   0.0 |       6 |       0 |   0.0
      Sewer |       0 |      70 | 100.0 |       0 |      13 | 100.0
            +---------+---------+-------+---------+---------+-------
